 Dungeon Crawl Stone Soup version 0.18-a0-1060-g4fac74f (webtiles) character file.

44 namelastname112 the Magician (level 3, -3/29 HPs)
             Began as a Draconian Wizard on Jan 12, 2016.
             Was an Initiate of Okawaru.
             Killed from afar by namelastname112's ghost (6 damage)
             ... with a magic dart
             ... on level 3 of the Dungeon.
             The game lasted 00:03:27 (1762 turns).

namelastname112 the Magician (Draconian Wizard)     Turns: 1762, Time: 00:03:27

Health: -3/29      AC:  5    Str:  9    XL:     3   Next: 39%
Magic:  7/7        EV: 12    Int: 18    God:    Okawaru [......]
Gold:   97         SH:  0    Dex: 10    Spells: 1 memorised, 7 levels left

rFire  . . .     SeeInvis .     e - +1 whip (elec)
rCold  . . .     Gourm    .     (armour unavailable)
rNeg   . . .     Faith    .     (no shield)
rPois  .         Spirit   .     a - +0 hat
rElec  .         Dismiss  .     (no cloak)
rCorr  .         Reflect  .     (no gloves)
SustAt .         Harm     .     (no boots)
MR     .....                    (no amulet)
Stlth  ++........               (no ring)
                                (no ring)

@: not resistant to hostile enchantments, unstealthy
A: unfitting armour, cold-blooded, AC +5
a: Renounce Religion


You were on level 3 of the Dungeon.
You worshipped Okawaru.
Okawaru was noncommittal.
You were not hungry.

You visited 1 branch of the dungeon, and saw 3 of its levels.

You collected 97 gold pieces.

Inventory:

Hand Weapons
 e - a +1 whip of electrocution (weapon)
Missiles
 i - 19 arrows
Armour
 a - a +0 hat (worn)
Scrolls
 f - a scroll of fog {unknown}
 h - 2 scrolls of magic mapping {unknown}
 j - 2 scrolls of remove curse {unknown}
 k - 2 scrolls of blinking {unknown}
 n - a scroll of recharging {unknown}
 p - a scroll of identify {unknown}
Potions
 m - a potion of magic {unknown}
Books
 b - a book of Minor Magic

   Spells                             Type                      Level
   a - Magic Dart                     Conjuration                  1
   b - Blink                          Translocation                2
   c - Call Imp                       Summoning                    2
   d - Repel Missiles                 Charms/Air                   2
   e - Slow                           Hexes                        2
   f - Conjure Flame                  Conjuration/Fire             3
   g - Mephitic Cloud                 Conjuration/Poison/Air       3
Comestibles
 c - a bread ration
 g - 6 fruits
 l - a royal jelly


   Skills:
 + Level 1.8 Fighting
 * Level 1.0 Maces & Flails
 + Level 2.7 Dodging
 - Level 1.7 Stealth
 - Level 3.0 Spellcasting
 - Level 1.0 Conjurations
   Level 1.0 Summonings
   Level 1.0 Translocations


You had 7 spell levels left.
You knew the following spells:

 Your Spells              Type           Power        Failure   Level  Hunger
z - Magic Dart            Conj           #...         12%         1    None


Dungeon Overview and Level Annotations

Branches:
Dungeon (3/15)

Altars:
Okawaru

Annotations:
D:2 Sigmund
D:3 namelastname112's ghost, weakling DrWz


Innate Abilities, Weirdness & Mutations

Your plain brown scales are hard (AC +5).
Your body does not fit into most forms of armour.
You are cold-blooded and may be slowed by cold attacks.


Message History

The magic dart hits you!
Namelastname112's ghost gestures at you while chanting.
The magic dart hits you!
* * * LOW HITPOINT WARNING * * *
Drink which item? (? for menu, Esc to quit)
You feel better.
Namelastname112's ghost points at you and mumbles some strange words.
The magic dart hits you!
Read which item? (? for menu, Esc to quit)
Okay, then.
Namelastname112's ghost says, "I have spells for any situation."
Namelastname112's ghost points at you and mumbles some strange words.
The magic dart hits you!
* * * LOW HITPOINT WARNING * * *
Namelastname112's ghost gestures at you while chanting.
The magic dart hits you!
* * * LOW HITPOINT WARNING * * *
Namelastname112's ghost casts a spell at you.
The magic dart hits you!
You die...

......#.#.###...#..........
.._.....#..................
......#..........##........
.)....#.#.##.##...$...#.##.
.....##...##.##.W.....#.#
##.####......##..##...# #
...............#.# .....
.##.#.#.#.##.#.#.# #....
.##+#...#.## #.#@# ....#
.....##.#.# #.#..# ..#
.....##.####.# #....
.....'.........#...##
.....###########...#
####.....# #.#.# #....##.#
#.#.. #....# #.#... #....#


You could see namelastname112's ghost.

Vanquished Creatures
  An adder (D:2)
  A worm (D:2)
  3 bats
  4 giant cockroaches
  4 goblins
  6 hobgoblins
  2 jackals (D:1)
  4 kobolds
  2 rats
27 creatures vanquished.

Notes
Turn   | Place    | Note
--------------------------------------------------------------
     0 | D:1      | namelastname112 the Draconian Wizard began the quest for the Orb.
     0 | D:1      | Reached XP level 1. HP: 14/14 MP: 4/4
   213 | D:1      | Reached skill level 1 in Fighting
   242 | D:1      | Reached XP level 2. HP: 21/23 MP: 0/6
  1282 | D:2      | Reached XP level 3. HP: 29/29 MP: 7/7
  1305 | D:2      | Noticed Sigmund
  1656 | D:3      | Reached skill level 1 in Maces & Flails
  1659 | D:3      | Found an iron altar of Okawaru.
  1666 | D:3      | Became a worshipper of Warmaster Okawaru
  1727 | D:3      | Noticed namelastname112's ghost (weakling DrWz)
  1762 | D:3      | Killed from afar by namelastname112's ghost

Vault maps used:
D:1:      lemuel_arrival_lava_pool
D:2:      first_bread, uniq_crazy_yiuf_cottage, uniq_sigmund
D:3:      old_standard_altar, gammafunk_temple_overflow_statue

Action                   || total
-------------------------++-------
Melee: Dagger            ||    88
       Whip              ||    17
       Unarmed           ||     2
 Cast: Magic Dart        ||    33
  Use: Potion            ||     3
 Stab: Sleeping          ||     3
  Eat: Chunk             ||     1
       Beef jerky        ||     1
